 Dungeon Crawl Stone Soup version 0.31-a0-702-gf82c85558f (webtiles) character file.

Game seed: 1558174411311895483

5630 qw the Skirmisher (level 10, -14/64 HPs)
             Began as a Gargoyle Hunter on Sept 8, 2023.
             Was a Follower of Okawaru.
             Demolished by a death yak (18 damage)
             ... on level 10 of the Dungeon.
             The game lasted 00:03:58 (8551 turns).

qw the Skirmisher (Gargoyle Hunter)                 Turns: 8551, Time: 00:03:58

Health: -14/64     AC: 24    Str: 16    XL:     10   Next: 74%
Magic:  12/13      EV: 15    Int:  9    God:    Okawaru [*.....]
Gold:   176        SH:  5    Dex: 17    Spells: 9/9 levels left

rFire   . . .        k - +0 arbalest
rCold   . . .        (shield currently unavailable)
rNeg    + . .        j - +0 ring mail
rPois   inf          u - +1 helmet
rElec   +            c - +0 cloak
rCorr   .            g - +1 pair of gloves
SInv    +            (no boots)
Will    .....        o - amulet of reflection
Stlth   +++          i - +4 ring of protection
HPRegen 0.30/turn    p - ring of see invisible
MPRegen 0.13/turn

%: reflection
@: heroic
A: sickness immunity, AC +7, negative energy resistance 1, electricity
resistance, torment resistance 1, petrification resistance
a: Renounce Religion, Heroism


You were on level 10 of the Dungeon.
You worshipped Okawaru.
Okawaru was aware of your devotion.
You visited 2 branches of the dungeon, and saw 11 of its levels.

You collected 603 gold pieces.
You spent 427 gold pieces at shops.


Innate Abilities, Weirdness & Mutations

You are immune to sickness and miasma.
Your stone body is resilient. (AC +7)
You are immune to poison.
You resist negative energy. (rN+)
You are resistant to electric shocks. (rElec)
You are resistant to unholy torment.
You are immune to petrification.


   Skills:
 + Level 8.3(13.3) Fighting
 - Level 13.0(18.0) Ranged Weapons
 - Level 4.0(9.0) Armour
 - Level 3.0(8.0) Dodging
 - Level 1.1(6.1) Stealth
 - Level 4.0 Invocations


You had 9 spell levels left.
You didn't know any spells.
Your spell library was empty.

Inventory:

Hand Weapons
 k - a +0 arbalest (weapon)
Armour
 c - a +0 cloak (worn)
 g - a +1 pair of gloves (worn)
 j - a +0 ring mail (worn)
 u - a +1 helmet (worn)
Jewellery
 a - a ring of resist corrosion
 i - a +4 ring of protection (left hand)
 o - an amulet of reflection (around neck)
 p - a ring of see invisible (right hand)
 t - a ring of protection from cold
Wands
 b - a wand of digging (10)
Scrolls
 f - 2 scrolls of teleportation
 h - 5 scrolls of identify
Potions
 d - 2 potions of haste
 e - a potion of might
 l - 6 potions of curing
 m - 2 potions of enlightenment
 n - a potion of cancellation
 q - a potion of mutation
 r - a potion of heal wounds
 s - a potion of resistance

Dungeon Overview and Level Annotations

Branches:
Dungeon (10/15)            Temple (1/1) D:6
   Lair: D:8-11         Orc: D:9-12

Altars:
Ashenzari
Cheibriados
Dithmenos
Elyvilon
Fedhas
Hepliaklqana
Kikubaaqudgha
Makhleb
Nemelex Xobeh
Okawaru
Qazlal
Ru
Sif Muna
Trog
Uskayaw
Vehumet
Wu Jian
Xom
Yredelemnul
Zin
The Shining One

Shops:
D:3 *[?:[   D:5 :[!   D:7 *(   D:8 *

Annotations:
D:4 exclusion: orc


Message History

The vampire points at you and mumbles some strange words.
You resist with some effort.
You shoot a bolt. The bolt closely misses the vampire.
8542 ||| INVOKING Heroism.
You gain the combat prowess of a mighty hero.
You shoot a bolt. The bolt hits the death yak.
The death yak is lightly wounded.
You block the death yak's attack.
You shoot a bolt. The bolt hits the death yak.
The death yak is lightly wounded.
The death yak snorts and paws the ground.
The death yak gores you!
You shoot a bolt. The bolt hits the death yak!!
The death yak is heavily wounded.
You hear a bellow! x2; You hear a howl!
The death yak gores you but does no damage.
You shoot a bolt. The bolt barely misses the death yak.
The bolt hits the vampire!
The vampire is almost destroyed.
The death yak gores you!
You shoot a bolt. The bolt hits the death yak!
The death yak is heavily wounded.
You hear a shout!
The death yak gores you.
You shoot a bolt. The bolt barely misses the death yak.
The bolt hits the vampire.
The vampire is almost destroyed.
The death yak barely misses you.
You shoot a bolt. The bolt hits the death yak!
The death yak is severely wounded.
The death yak gores you!
A death yak comes into view.
You shoot a bolt. The bolt hits the death yak.
The death yak is severely wounded.
The death yak gores you!
You shoot a bolt.
The bolt hits the death yak but does no damage.
The death yak is severely wounded.
The death yak gores you! The death yak gores you!!
You die...

........#...#
........##..#
........##..#
####+###.##..# ......K
.............# .....r.
......#'###.## .......
###.........#####.......
###.......(...#...K..~
##.....#..#@#.Y.....
#.....##.#Y#r......
##...(##..YV)...)..
.#....####>#.......
.^#^...# ###.......
...#..### ####### ..##..


You could see 2 death yaks and a vampire.

Vanquished Creatures
  A deep elf pyromancer (D:8)
  A kobold demonologist (D:9)
  A hornet (D:9)
  A troll (D:9)
  Prince Ribbit (D:5)
  Grinder (D:3)
  Sigmund (D:3)
  2 steam dragons
  5 ice beasts
  3 orc warriors
  2 black bears
  2 centaurs
  A phantom (D:5)
  3 kobold brigands
  4 bullfrogs
  2 scorpions
  3 wights (D:6)
  18 killer bees
  A howler monkey (D:6)
  3 orc priests
  5 jellies
  3 sleepcaps
  3 hounds (D:7)
  Natasha (D:2)
  4 iguanas
  8 orc wizards
  A mummy (D:7)
  3 gnolls (D:8)
  11 adders
  A shadow imp (D:6)
  4 white imps
  2 ufetubi
  3 worms (D:2)
  2 dart slugs
  30 orcs
  8 endoplasms
  A giant cockroach (D:1)
  11 goblins
  6 hobgoblins
  7 jackals
  21 kobolds
  4 quokkas
  6 ball pythons
  2 bats
  3 frilled lizards
  3 rats
209 creatures vanquished.

Notes
Turn   | Place    | Note
-------+----------+-------------------------------------------
     0 | D:1      | qw the Gargoyle Hunter began the quest for the Orb.
     0 | D:1      | Reached XP level 1. HP: 12/12 MP: 1/1
     0 | D:1      | 0 ||| qw: Version: 0.3-a-76-g4403597
     0 | D:1      | 0 ||| qw: Game counter: 975
     0 | D:1      | 0 ||| qw: Melee chars always use a shield: true
     0 | D:1      | 0 ||| qw: God list: Okawaru
     0 | D:1      | 0 ||| qw: Allow faded altars: false
     0 | D:1      | 0 ||| qw: Do Orc after clearing Dungeon:15 true
     0 | D:1      | 0 ||| qw: Do second Lair branch before Depths: true
     0 | D:1      | 0 ||| qw: Lair rune preference: random
     0 | D:1      | 0 ||| qw: Goals: Normal
     0 | D:1      | 0 ||| PLANNING D:1-11
   185 | D:1      | Reached XP level 2. HP: 17/17 MP: 2/2
   189 | D:1      | Found a faded altar of an unknown god.
   605 | D:1      | Reached XP level 3. HP: 21/21 MP: 3/3
   811 | D:1      | 811 ||| UPGRADING to +0 ring mail.
   821 | D:1      | 821 ||| DROPPING +0 leather armour.
   822 | D:1      | 822 ||| UPGRADING to +0 helmet.
   827 | D:1      | 827 ||| UPGRADING to +4 ring of protection.
   828 | D:1      | 828 ||| READING scroll labelled HUTORO KEOCSOY.
   829 | D:1      | 829 ||| READING scroll labelled MYSOM OZERE.
   830 | D:1      | 830 ||| READING scroll labelled COJUVIXIFA.
   831 | D:1      | 831 ||| READING 2 scrolls labelled AGIMITHECH.
   832 | D:1      | 832 ||| DRINKING 2 bubbling pink potions.
   833 | D:1      | 833 ||| DROPPING scroll of butterflies.
   885 | D:2      | Reached skill level 1 in Armour
  1058 | D:2      | Reached skill level 5 in Ranged Weapons
  1332 | D:2      | Reached XP level 4. HP: 23/27 MP: 4/4
  1355 | D:2      | Found a white marble altar of Elyvilon.
  1531 | D:2      | Reached skill level 3 in Fighting
  1590 | D:2      | Noticed Natasha
  1596 | D:2      | Killed Natasha
  1750 | D:2      | 1750 ||| READING 2 scrolls labelled ELIXKY FIEGA.
  1755 | D:2      | 1755 ||| READING 3 scrolls labelled GANEYQ ARGHIS.
  1756 | D:2      | 1756 ||| READING 2 scrolls labelled XUOCKE JAUJESA.
  1757 | D:2      | 1757 ||| READING scroll of enchant weapon.
  1757 | D:2      | 1757 ||| ENCHANTING +1 shortbow.
  1758 | D:2      | 1758 ||| DROPPING 2 scrolls of revelation.
  1781 | D:3      | Reached XP level 5. HP: 32/32 MP: 5/5
  1781 | D:3      | Found Timisiegu's Armour Shop.
  1782 | D:3      | 1782 ||| RETREATING.
  1790 | D:3      | 1790 ||| DRINKING potion of curing.
  1790 | D:3      | 1790 ||| (to cure confusion)
  1805 | D:3      | 1805 ||| FLEEEEING.
  1806 | D:3      | 1806 ||| FLEEEEING.
  1807 | D:3      | 1807 ||| FLEEEEING.
  1808 | D:3      | 1808 ||| FLEEEEING.
  1809 | D:3      | 1809 ||| FLEEEEING.
  1810 | D:3      | 1810 ||| FLEEEEING.
  1812 | D:3      | 1812 ||| FLEEEEING.
  1813 | D:3      | 1813 ||| STAIRDANCE
  1899 | D:3      | 1899 ||| STAIRDANCE
  1916 | D:3      | 1916 ||| STAIRDANCE
  1922 | D:2      | Reached skill level 6 in Ranged Weapons
  1941 | D:3      | Found Kudet's Magic Scroll Shop.
  1944 | D:3      | 1944 ||| SHOPLISTING +3 ring mail of cold resistance (260
                  | gold, have 119).
  1953 | D:3      | 1953 ||| BUYING 3 scrolls of identify (60 gold).
  1953 | D:3      | Bought 3 scrolls of identify for 60 gold pieces
  1953 | D:3      | 1953 ||| SHOPLISTING scroll of enchant armour (75 gold,
                  | have 68).
  1953 | D:3      | 1953 ||| BUYING scroll of identify (20 gold).
  1953 | D:3      | Bought a scroll of identify for 20 gold pieces
  1953 | D:3      | 1953 ||| BUYING scroll of identify (20 gold).
  1953 | D:3      | Bought a scroll of identify for 20 gold pieces
  1953 | D:3      | 1953 ||| SHOPLISTING scroll of teleportation (30 gold, have
                  | 28).
  1957 | D:3      | Noticed Grinder
  1974 | D:3      | Paralysed by Grinder for 4 turns
  1989 | D:3      | Paralysed by Grinder for 4 turns
  2000 | D:3      | Killed Grinder
  2001 | D:3      | Reached XP level 6. HP: 30/40 MP: 6/6
  2093 | D:3      | Found Ficlalig's Book Shoppe.
  2101 | D:3      | 2101 ||| READING 6 scrolls of identify.
  2101 | D:3      | 2101 ||| IDENTIFYING murky inky potion
  2114 | D:3      | Found a hide-covered altar of Uskayaw.
  2134 | D:3      | Found Cecheal's Armour Shop.
  2145 | D:3      | 2145 ||| SHOPLISTING +1 pair of boots (149 gold, have 42).
  2145 | D:3      | 2145 ||| SHOPLISTING +1 pair of gloves of hurling (214
                  | gold, have 42).
  2231 | D:3      | Found a shadowy altar of Dithmenos.
  2239 | D:3      | Noticed Sigmund
  2245 | D:3      | Killed Sigmund
  2246 | D:3      | Reached skill level 7 in Ranged Weapons
  2246 | D:3      | Reached XP level 7. HP: 44/44 MP: 7/7
  2440 | D:3      | Found Rampastry's General Store.
  2443 | D:3      | 2443 ||| BUYING potion of curing (33 gold).
  2443 | D:3      | Bought a potion of curing for 33 gold pieces
  2443 | D:3      | 2443 ||| BUYING scroll of teleportation (33 gold).
  2443 | D:3      | Bought a scroll of teleportation for 33 gold pieces
  2445 | D:3      | 2445 ||| DROPPING ring of ice.
  2446 | D:3      | 2446 ||| UPGRADING to ring of protection from cold.
  2447 | D:3      | 2447 ||| DROPPING potion of brilliance.
  2516 | D:4      | 2516 ||| Stepping ~*~*~tactically~*~*~ (outnumbered).
  2520 | D:4      | 2520 ||| Stepping ~*~*~tactically~*~*~ (retreating).
  2521 | D:4      | 2521 ||| DRINKING potion of curing.
  2521 | D:4      | 2521 ||| (to cure confusion)
  2821 | D:4      | Found a sacrificial altar of Ru.
  2837 | D:4      | Reached skill level 8 in Ranged Weapons
  3268 | D:4      | 3268 ||| UPGRADING to amulet of the acrobat.
  3273 | D:4      | 3273 ||| READING 6 scrolls of identify.
  3273 | D:4      | 3273 ||| IDENTIFYING viscous orange potion
  3274 | D:4      | 3274 ||| DROPPING potion of degeneration.
  3305 | D:5      | Entered Level 5 of the Dungeon
  3467 | D:5      | Reached XP level 8. HP: 45/50 MP: 8/8
  3509 | D:5      | HP: 11/50 [something (3)]
  3510 | D:5      | 3510 ||| READING 3 scrolls of teleportation.
  3515 | D:5      | 3515 ||| READING 2 scrolls of teleportation.
  3759 | D:5      | Noticed Prince Ribbit
  3760 | D:5      | 3760 ||| Stepping ~*~*~tactically~*~*~ (retreating).
  3761 | D:5      | 3761 ||| Stepping ~*~*~tactically~*~*~ (retreating).
  3762 | D:5      | 3762 ||| Stepping ~*~*~tactically~*~*~ (retreating).
  3763 | D:5      | 3763 ||| Stepping ~*~*~tactically~*~*~ (retreating).
  3784 | D:5      | HP: 12/50 [Prince Ribbit (6)]
  3785 | D:5      | 3785 ||| READING scroll of teleportation.
  3787 | D:5      | Killed Prince Ribbit
  3788 | D:5      | Reached skill level 9 in Ranged Weapons
  4164 | D:5      | Found Vupadin's Distillery.
  4166 | D:5      | Found Wulanuan's Book Shop.
  4166 | D:5      | Found Jenuddig's Armour Shop.
  4172 | D:5      | 4172 ||| SHOPLISTING +2 ring mail of poison resistance (180
                  | gold, have 63).
  4205 | D:5      | 4205 ||| UPGRADING to +1 pair of gloves.
  4210 | D:5      | 4210 ||| READING 6 scrolls of identify.
  4210 | D:5      | 4210 ||| IDENTIFYING grey potion
  4338 | D:5      | 4338 ||| SHOPLISTING 2 potions of enlightenment (100 gold,
                  | have 63).
  4338 | D:5      | 4338 ||| BUYING potion of curing (30 gold).
  4338 | D:5      | Bought a potion of curing for 30 gold pieces
  4338 | D:5      | 4338 ||| SHOPLISTING potion of heal wounds (50 gold, have
                  | 33).
  4338 | D:5      | 4338 ||| SHOPLISTING potion of might (40 gold, have 33).
  4338 | D:5      | 4338 ||| SHOPLISTING potion of mutation (80 gold, have 33).
  4446 | D:6      | Reached skill level 6 in Fighting
  4509 | D:6      | You fall into a shaft and drop 2 floors!
  4559 | D:8      | 4559 ||| SWAPPING to +0 orcbow.
  4560 | D:8      | 4560 ||| DROPPING +2 shortbow.
  4616 | D:8      | Reached skill level 10 in Ranged Weapons
  4664 | D:8      | 4664 ||| Stepping ~*~*~tactically~*~*~ (outnumbered).
  4703 | D:8      | 4703 ||| Stepping ~*~*~tactically~*~*~ (cloud).
  4722 | D:8      | Reached skill level 3 in Armour
  4722 | D:8      | Reached XP level 9. HP: 33/55 MP: 9/9
  4846 | D:8      | 4846 ||| RETREATING.
  5000 | D:7      | Found a snail-covered altar of Cheibriados.
  5280 | D:7      | 5280 ||| DRINKING 2 viscous red potions.
  5364 | D:6      | 5364 ||| Stepping ~*~*~tactically~*~*~ (outnumbered).
  5373 | D:6      | 5373 ||| Stepping ~*~*~tactically~*~*~ (outnumbered).
  5495 | D:6      | Found a glowing silver altar of Zin.
  5495 | D:6      | Noticed an angel
  5573 | D:6      | Found a staircase to the Ecumenical Temple.
  5574 | D:6      | 5574 ||| PLANNING TEMPLE
  5585 | Temple   | Entered the Ecumenical Temple
  5586 | Temple   | 5586 ||| PLANNING OKAWARU WORSHIP
  5594 | Temple   | Became a worshipper of Warmaster Okawaru
  5595 | Temple   | 5595 ||| PLANNING D:1-11
  5663 | D:6      | 5663 ||| UPGRADING to amulet of reflection.
  5673 | D:6      | 5673 ||| DROPPING amulet of the acrobat.
  5679 | D:6      | 5679 ||| RETREATING.
  5746 | D:6      | Reached skill level 11 in Ranged Weapons
  6122 | D:6      | 6122 ||| UPGRADING to ring of see invisible.
  6124 | D:6      | 6124 ||| READING 8 scrolls of identify.
  6124 | D:6      | 6124 ||| IDENTIFYING pink potion
  6217 | D:7      | Reached skill level 3 in Dodging
  6227 | D:7      | Found Pyoq's Weapon Shoppe.
  6456 | D:7      | Found Fipsorue's Assorted Antiques.
  6459 | D:7      | 6459 ||| BUYING dark potion (27 gold).
  6459 | D:7      | Bought a dark potion for 27 gold pieces
  6459 | D:7      | 6459 ||| BUYING fizzy amethyst potion (27 gold).
  6459 | D:7      | Bought a fizzy amethyst potion for 27 gold pieces
  6459 | D:7      | 6459 ||| BUYING glowing brown potion (27 gold).
  6459 | D:7      | Bought a glowing brown potion for 27 gold pieces
  6459 | D:7      | 6459 ||| BUYING potion of curing (90 gold).
  6459 | D:7      | Bought a potion of curing for 90 gold pieces
  6486 | D:7      | Reached * piety under Okawaru
  6487 | D:7      | 6487 ||| INVOKING Heroism.
  6488 | D:7      | 6488 ||| INVOKING Heroism.
  6717 | D:7      | Reached skill level 1 in Invocations
  6729 | D:7      | Reached XP level 10. HP: 59/64 MP: 9/11
  6972 | D:7      | 6972 ||| UPGRADING to +0 cloak.
  6977 | D:7      | 6977 ||| DROPPING +6 ring of intelligence.
  6978 | D:7      | 6978 ||| READING scroll labelled RERA DARYDUUSA.
  6979 | D:7      | 6979 ||| READING 8 scrolls of identify.
  6979 | D:7      | 6979 ||| IDENTIFYING dark potion
  6980 | D:7      | 6980 ||| READING 7 scrolls of identify.
  6980 | D:7      | 6980 ||| IDENTIFYING fizzy amethyst potion
  6981 | D:7      | 6981 ||| READING 6 scrolls of identify.
  6981 | D:7      | 6981 ||| IDENTIFYING glowing brown potion
  7057 | D:8      | Found a glowing golden altar of the Shining One.
  7116 | D:8      | Found Vivviys's Assorted Antiques.
  7125 | D:8      | 7125 ||| SHOPLISTING faintly glowing platinum ring (150
                  | gold, have 83).
  7125 | D:8      | 7125 ||| SHOPLISTING granite ring (150 gold, have 83).
  7125 | D:8      | 7125 ||| SHOPLISTING pair of embroidered gloves (225 gold,
                  | have 83).
  7125 | D:8      | 7125 ||| SHOPLISTING scroll of enchant weapon (225 gold,
                  | have 83).
  7125 | D:8      | 7125 ||| BUYING scroll of identify (60 gold).
  7125 | D:8      | Bought a scroll of identify for 60 gold pieces
  7131 | D:8      | 7131 ||| Stepping ~*~*~tactically~*~*~ (outnumbered).
  7133 | D:8      | 7133 ||| Stepping ~*~*~tactically~*~*~ (outnumbered).
  7135 | D:8      | 7135 ||| Stepping ~*~*~tactically~*~*~ (outnumbered).
  7206 | D:8      | 7206 ||| INVOKING Heroism.
  7208 | D:8      | Reached skill level 3 in Invocations
  7389 | D:8      | Noticed a deep elf pyromancer
  7401 | D:8      | 7401 ||| INVOKING Heroism.
  7407 | D:8      | Killed a deep elf pyromancer
  7579 | D:8      | 7579 ||| INVOKING Heroism.
  7598 | D:8      | 7598 ||| UPGRADING to +1 helmet.
  7608 | D:8      | 7608 ||| DROPPING +0 helmet.
  7609 | D:8      | 7609 ||| READING 6 scrolls of identify.
  7609 | D:8      | 7609 ||| IDENTIFYING glowing ruby potion
  7728 | D:9      | Noticed a kobold demonologist
  7740 | D:9      | Noticed an orange demon
  7740 | D:9      | 7740 ||| Stepping ~*~*~tactically~*~*~ (retreating).
  7741 | D:9      | 7741 ||| Stepping ~*~*~tactically~*~*~ (retreating).
  7743 | D:9      | Killed a kobold demonologist
  7744 | D:9      | Reached skill level 12 in Ranged Weapons
  7780 | D:9      | 7780 ||| INVOKING Heroism.
  7798 | D:9      | 7798 ||| Stepping ~*~*~tactically~*~*~ (retreating).
  7800 | D:9      | 7800 ||| Stepping ~*~*~tactically~*~*~ (outnumbered).
  7801 | D:9      | 7801 ||| Stepping ~*~*~tactically~*~*~ (outnumbered).
  7803 | D:9      | 7803 ||| INVOKING Heroism.
  7875 | D:9      | 7875 ||| SWAPPING to +0 arbalest.
  7877 | D:9      | 7877 ||| DROPPING +0 orcbow.
  7882 | D:9      | Found a flagged portal.
  7996 | D:9      | 7996 ||| RETREATING.
  7998 | D:9      | 7998 ||| Stepping ~*~*~tactically~*~*~ (retreating).
  7999 | D:9      | 7999 ||| Stepping ~*~*~tactically~*~*~ (retreating).
  8000 | D:9      | 8000 ||| Stepping ~*~*~tactically~*~*~ (retreating).
  8001 | D:9      | 8001 ||| Stepping ~*~*~tactically~*~*~ (retreating).
  8002 | D:9      | 8002 ||| Stepping ~*~*~tactically~*~*~ (retreating).
  8003 | D:9      | 8003 ||| Stepping ~*~*~tactically~*~*~ (retreating).
  8004 | D:9      | 8004 ||| Stepping ~*~*~tactically~*~*~ (retreating).
  8005 | D:9      | 8005 ||| INVOKING Heroism.
  8026 | D:9      | 8026 ||| INVOKING Heroism.
  8153 | D:9      | Found a radiant altar of Vehumet.
  8153 | D:9      | Found an ancient bone altar of Kikubaaqudgha.
  8155 | D:9      | Found a shimmering blue altar of Sif Muna.
  8227 | D:9      | 8227 ||| INVOKING Heroism.
  8393 | D:9      | 8393 ||| DROPPING +1 hat.
  8420 | D:10     | Entered Level 10 of the Dungeon
  8467 | D:10     | Reached skill level 13 in Ranged Weapons
  8533 | D:10     | Noticed a death yak
  8534 | D:10     | 8534 ||| RETREATING.
  8538 | D:10     | 8538 ||| Stepping ~*~*~tactically~*~*~ (retreating).
  8540 | D:10     | 8540 ||| Stepping ~*~*~tactically~*~*~ (retreating).
  8542 | D:10     | 8542 ||| INVOKING Heroism.
  8550 | D:10     | Noticed a death yak
  8551 | D:10     | HP: 4/64 [death yak (16)]
  8551 | D:10     | Demolished by a death yak

Levels and vault maps discovered:
D:1:      elethiomel_arrival_maze, layout_basic,
          hellmonk_ecumenical_altar_dog_temple
D:2:      layout_basic, basic_altar, kennysheep_generic_room_14, uniq_natasha
D:3:      layout_rooms, mainiacjoe_overflow_tiny_flanked,
          mainiacjoe_overflow_concentric_impassable, serial_shops,
          nicolae_shop_real_fake_doors, shop, nicolae_shop_trees,
          nicolae_book_shop_shelving, nicolae_shop_crystal, minmay_hedge_maze,
          uniq_grinder, uniq_sigmund
D:4:      layout_loops_ring, mainiacjoe_overflow_brackets
D:5:      layout_gridville, nicolae_shop_distant_corner_stores,
          uniq_prince_ribbit1
D:6:      layout_layer_cave, zin_angel, minmay_temple_entry_ruins
D:7:      layout_basic, slow_altar_1, serial_shops, kennysheep_mini_moat,
          nicolae_inconvenience_store, kennysheep_generic_room_5
D:8:      layout_loops_cross, mainiacjoe_overflow_alcove_1, serial_shops, shop,
          guppyfry_early_elven_hall
D:9:      layout_roguey, grunt_temple_overflow_magic_moments, enter_bailey_3,
          grunt_decor_junction
D:10:     layout_basic, mainiacjoe_overflow_alcove_4, dpeg_lair_monsters,
          gammafunk_ghost_wrathful_warriors
Temple:   hellmonk_temple_flake

Skill      XL: |  1  2  3  4  5  6  7  8  9 10 |
---------------+-------------------------------+-----
Armour         | 1 2 3 4 |  4.0
Ranged Weapons | 5 6 7 8 10 11 13 | 13.0
Fighting       | 3 5 6 8 |  8.3
Dodging        | 2 3 |  3.0
Invocations    | 2 4 |  4.0
Stealth        | |  1.1

Action                     |  1- 3 |  4- 6 |  7- 9 | 10-12 || total
---------------------------+-------+-------+-------+-------++-------
   Fire: Shortbow          |   105 |   143 |   228 |       ||   476
         Orcbow            |       |       |   299 |   123 ||   422
         Arbalest          |       |       |       |    67 ||    67
 Invoke: Heroism           |       |       |     1 |     9 ||    10
    Use: Scroll            |     4 |     5 |     6 |     5 ||    20
         Potion            |     1 |     1 |     2 |       ||     4
 Armour: Leather armour    |     9 |       |       |       ||     9
         Ring mail         |    30 |    86 |   282 |   105 ||   503
  Dodge: Dodged            |    27 |    34 |   206 |    99 ||   366
  Block: Other             |       |       |    22 |    22 ||    44
         Reflection        |       |       |     1 |     3 ||     4

Table legend:
 A = Non-vault XP
 B = Vault XP
 C = Vault XP percentage of total XP
 D = Non-vault monster count
 E = Vault monster count
 F = Vault count percentage of total count
                 A         B        C        D         E       F
            +---------+---------+-------+---------+---------+-------
      Total |    6331 |    1712 |  21.3 |     192 |      17 |   8.1
            +---------+---------+-------+---------+---------+-------
        D:1 |      28 |       6 |  17.6 |      17 |       3 |  15.0
        D:2 |     152 |      38 |  20.0 |      18 |       2 |  10.0
        D:3 |      74 |     490 |  86.9 |      23 |       2 |   8.0
        D:4 |     345 |       0 |   0.0 |      21 |       0 |   0.0
        D:5 |     366 |     274 |  42.8 |      16 |       1 |   5.9
        D:6 |     868 |       0 |   0.0 |      26 |       0 |   0.0
        D:7 |     881 |     282 |  24.2 |      21 |       4 |  16.0
        D:8 |    1364 |     615 |  31.1 |      21 |       1 |   4.5
        D:9 |    1883 |       7 |   0.4 |      23 |       4 |  14.8
       D:10 |     370 |       0 |   0.0 |       6 |       0 |   0.0
            +---------+---------+-------+---------+---------+-------
